 Dungeon Crawl Stone Soup version 0.28.0 (webtiles) character file.

Game seed: 12685524347232228094

441 spaghetti the Bolt Thrower (level 7, -1/52 HPs)
             Began as a Gnoll Wanderer on Feb 14, 2022.
             Was a Priest of Zin.
             Slain by Edmund (4 damage)
             ... on level 5 of the Dungeon.
             The game lasted 00:11:37 (4180 turns).

spaghetti the Bolt Thrower (Gnoll Wanderer)         Turns: 4180, Time: 00:11:38

Health: -1/52      AC:  4    Str: 15    XL:     7   Next: 2%
Magic:  8/10       EV: 14    Int:  9    God:    Zin [***...]
Gold:   150        SH:  0    Dex: 15    Spells: 10/10 levels left

rFire   + . .      SeeInvis .   b - +0 falchion
rCold   . . .      Faith    .   (no shield)
rNeg    . . .      Spirit   .   e - +0 leather armour
rPois   ∞          Reflect  .   d - +0 helmet
rElec   .          Harm     .   (no cloak)
rCorr   .          Rampage  .   (no gloves)
Will    +....                   (no boots)
Stlth   ++........              (no amulet)
HPRegen 0.17/turn               f - ring of protection from fire
MPRegen 0.12/turn               t - ring of willpower

@: vitalised
A: fangs 1, strong nose, distributed training
a: Renounce Religion, Recite, Vitalisation, Imprison, Donate Gold


You were on level 5 of the Dungeon.
You worshipped Zin.
Zin was most pleased with you.
You visited 1 branch of the dungeon, and saw 5 of its levels.

You collected 228 gold pieces.
You spent 56 gold pieces at shops.
You donated 22 gold pieces to Zin.

Inventory:

Hand Weapons
 a - a +2 hand crossbow
 b - a +0 falchion (weapon)
Missiles
 v - 10 javelins (quivered)
Armour
 d - a +0 helmet (worn)
 e - a +0 leather armour (worn)
Jewellery
 f - a ring of protection from fire (left hand)
 n - a ring of flight
 t - a ring of willpower (right hand)
Scrolls
 g - a scroll of immolation {unknown}
 k - 2 scrolls of noise {unknown}
 l - a scroll of blinking {unknown}
 q - 2 scrolls of identify {unknown}
 r - a scroll of enchant weapon {unknown}
 u - 3 scrolls of fog {unknown}
 w - a scroll of teleportation {unknown}
Potions
 h - a potion of attraction
 i - a potion of mutation {unknown}
 o - a potion of cancellation
 p - 2 potions of might
 s - a potion of flight {unknown}


   Skills:
 + Level 3.4 Fighting
 + Level 2.2 Short Blades
 + Level 6.9 Long Blades
 + Level 2.2 Axes
 + Level 2.2 Maces & Flails
 + Level 2.2 Polearms
 + Level 2.2 Staves
 + Level 2.2 Slings
 + Level 2.2 Bows
 + Level 6.9 Crossbows
 + Level 2.2 Throwing
 + Level 2.2 Armour
 + Level 5.1 Dodging
 + Level 2.2 Stealth
 + Level 2.2 Shields
 + Level 2.2 Unarmed Combat
 + Level 2.2 Spellcasting
 + Level 1.8 Conjurations
 + Level 1.8 Hexes
 + Level 1.8 Summonings
 + Level 1.8 Necromancy
 + Level 1.8 Translocations
 + Level 1.8 Transmutations
 + Level 1.8 Fire Magic
 + Level 1.8 Ice Magic
 + Level 1.8 Air Magic
 + Level 1.8 Earth Magic
 + Level 1.8 Poison Magic
 + Level 2.4 Invocations
 + Level 3.4 Evocations


You had 10 spell levels left.
You didn't know any spells.
Your spell library contained the following spells:

 Spells                   Type           Power      Damage    Failure   Level
 Blink                    Tloc           8%         N/A       28%         2
 Manifold Assault         Tloc           4%         N/A       99%         5
 Storm Form               Tmut/Air       2%         N/A       100%        7


Dungeon Overview and Level Annotations

Branches:
Dungeon (5/15)
 Temple: D:4-7

Altars:
Zin

Shops:
D:2 :   D:4 (

Annotations:
D:4 exclusion: downstairs
D:5 Edmund


Innate Abilities, Weirdness & Mutations

You have very sharp teeth.
Your uncanny sense of smell can sniff out nearby items.
Your experience applies equally to all skills.


Message History

Edmund is heavily wounded.
Edmund hits you with a +0 flail of holy wrath.
You hit Edmund.
Edmund is severely wounded.
Edmund misses you.
You hit Edmund.
Edmund is severely wounded.
Edmund hits you with a +0 flail of holy wrath.
You barely miss Edmund. Your punch misses Edmund.
Edmund is severely wounded.
You hit Edmund. Your punch misses Edmund.
Edmund is severely wounded.
Edmund hits you with a +0 flail of holy wrath!
* * * LOW HITPOINT WARNING * * *
Okay, then.
Zin grants you divine stamina.
Edmund zaps a wand.
Zin protects your body from unnatural transformation!
You hit Edmund but do no damage. Your punch misses Edmund.
Your bite misses Edmund.
Edmund is severely wounded.
Edmund misses you.
You slash Edmund! You bite Edmund, but do no damage.
Edmund is almost dead.
Edmund misses you.
You barely miss Edmund. Your bite misses Edmund.
Edmund is almost dead.
Edmund hits you with a +0 flail of holy wrath!
* * * LOW HITPOINT WARNING * * *
You hit Edmund but do no damage. Your bite misses Edmund.
Edmund is almost dead.
Edmund hits you with a +0 flail of holy wrath.
Zin protects you from harm!
Okay, then.
Okay, then.
Okay, then.
You hit Edmund.
Edmund is almost dead.
Edmund hits you with a +0 flail of holy wrath.
You die...

....... .#..#..
.......#.......
...)...........
#.....^........
##.............
#.[............
#.............
#@# .....((@#
#(......( .....
..
(..............##
∆ ..
.......(.((......
..
.....#####((.....
##. .....
.......#.. (....
..((..@..
#.......##


You could see Edmund.

Vanquished Creatures
  A water moccasin (D:4)
  An ice beast (D:5)
  A hound (D:4)
  An orc priest (D:5)
  A bullfrog skeleton (D:4)
  An orc wizard (D:5)
  A killer bee zombie (D:5)
  A hound zombie (D:5)
  A hound skeleton (D:5)
  2 adders
  2 adder skeletons (D:4)
  2 dart slugs (D:1)
  4 orcs
  3 ball pythons
  4 endoplasms
  3 goblins
  3 hobgoblins
  6 jackals
  8 kobolds
  A quokka (D:1)
  9 bats
  5 frilled lizards
  2 rats (D:2)
63 creatures vanquished.

Vanquished Creatures (others)
  2 fungi (D:2)
2 creatures vanquished.

Grand Total: 65 creatures vanquished

Notes
Turn   | Place    | Note
-------+----------+-------------------------------------------
     0 | D:1      | spaghetti the Gnoll Wanderer began the quest for the Orb.
     0 | D:1      | spaghetti set off with the following items: a +2 hand
                  | crossbow, 26 bolts, a +0 falchion, a +0 helmet, a +0
                  | leather armour
     0 | D:1      | Reached XP level 1. HP: 17/17 MP: 1/1
   185 | D:1      | Reached XP level 2. HP: 23/23 MP: 2/2
   440 | D:1      | Reached XP level 3. HP: 21/28 MP: 3/3
   887 | D:2      | Found Ennuph's Book Shop.
  1062 | D:2      | Reached skill level 1 in Invocations
  1125 | D:2      | Found a faded altar of an unknown god.
  1171 | D:2      | Prayed at the altar of an unknown god.
  1171 | D:2      | Became a worshipper of Zin the Law-Giver
  1171 | D:2      | Reached * piety under Zin
  1410 | D:2      | Reached skill level 1 in Short Blades
  1410 | D:2      | Reached skill level 1 in Axes
  1410 | D:2      | Reached skill level 1 in Maces & Flails
  1410 | D:2      | Reached skill level 1 in Polearms
  1410 | D:2      | Reached skill level 1 in Staves
  1410 | D:2      | Reached skill level 1 in Slings
  1410 | D:2      | Reached skill level 1 in Bows
  1410 | D:2      | Reached skill level 1 in Throwing
  1410 | D:2      | Reached skill level 1 in Armour
  1410 | D:2      | Reached skill level 1 in Stealth
  1410 | D:2      | Reached skill level 1 in Shields
  1410 | D:2      | Reached skill level 1 in Unarmed Combat
  1410 | D:2      | Reached skill level 1 in Spellcasting
  1682 | D:3      | Reached ** piety under Zin
  1916 | D:3      | Reached XP level 4. HP: 17/34 MP: 5/5
  2766 | D:4      | Reached skill level 1 in Conjurations
  2766 | D:4      | Reached skill level 1 in Hexes
  2766 | D:4      | Reached skill level 1 in Summonings
  2766 | D:4      | Reached skill level 1 in Necromancy
  2766 | D:4      | Reached skill level 1 in Translocations
  2766 | D:4      | Reached skill level 1 in Transmutations
  2766 | D:4      | Reached skill level 1 in Fire Magic
  2766 | D:4      | Reached skill level 1 in Ice Magic
  2766 | D:4      | Reached skill level 1 in Air Magic
  2766 | D:4      | Reached skill level 1 in Earth Magic
  2766 | D:4      | Reached skill level 1 in Poison Magic
  2805 | D:4      | Reached XP level 5. HP: 29/40 MP: 5/7
  3086 | D:4      | Reached *** piety under Zin
  3351 | D:4      | Noticed a water moccasin
  3373 | D:4      | Killed a water moccasin
  3374 | D:4      | Reached XP level 6. HP: 9/47 MP: 6/8
  3788 | D:4      | Found Lady's Firing Range.
  3796 | D:4      | Bought 5 javelins for 56 gold pieces
  3934 | D:5      | Entered Level 5 of the Dungeon
  3938 | D:5      | Noticed Edmund
  3994 | D:5      | Reached skill level 5 in Dodging
  4131 | D:5      | Noticed an ice beast
  4144 | D:5      | Killed an ice beast
  4145 | D:5      | Reached XP level 7. HP: 23/52 MP: 10/10
  4179 | D:5      | Zin protects you from harm!
  4180 | D:5      | Slain by Edmund

Illustrated notes

Levels and vault maps discovered:
D:1:      evilmike_arrival_rings, layout_rooms
D:2:      layout_basic, serial_shops, shop_fountains,
          shapermc_ecumenical_altar_acropolis, hex_medium
D:3:      layout_loops_corners, st_stairs_6
D:4:      layout_gridville, grunt_ministairs_15, nicolae_shop_firing_range,
          uniq_crazy_yiuf_cottage
D:5:      layout_cave_pools, portal_sewer_entry_f, small_statue_intersection,
          dk_noncrumbling_3, uniq_edmund

Skill      XL: |  1  2  3  4  5  6 |
---------------+-------------------+-----
Invocations    | 1 2 |  2.4
Short Blades   | 1 2 |  2.2
Axes           | 1 2 |  2.2
Maces & Flails | 1 2 |  2.2
Polearms       | 1 2 |  2.2
Staves         | 1 2 |  2.2
Slings         | 1 2 |  2.2
Bows           | 1 2 |  2.2
Throwing       | 1 2 |  2.2
Armour         | 1 2 |  2.2
Stealth        | 1 2 |  2.2
Shields        | 1 2 |  2.2
Unarmed Combat | 1 2 |  2.2
Spellcasting   | 1 2 |  2.2
Conjurations   | 1 |  1.8
Hexes          | 1 |  1.8
Summonings     | 1 |  1.8
Necromancy     | 1 |  1.8
Translocations | 1 |  1.8
Transmutations | 1 |  1.8
Fire Magic     | 1 |  1.8
Ice Magic      | 1 |  1.8
Air Magic      | 1 |  1.8
Earth Magic    | 1 |  1.8
Poison Magic   | 1 |  1.8
Fighting       | 3 |  3.4
Evocations     | 3 |  3.4
Dodging        | 5 |  5.1
Long Blades    | |  6.9
Crossbows      | |  6.9

Action                   |  1- 3 |  4- 6 |  7- 9 || total
-------------------------+-------+-------+-------++-------
Melee: Falchion          |   114 |    62 |    14 ||   190
       Bite              |    10 |     3 |     2 ||    15
       Punch             |     2 |       |       ||     2
 Fire: Hand crossbow     |     3 |    36 |     4 ||    43
Invok: Vitalisation      |       |     1 |     1 ||     2
       Recite            |       |     1 |       ||     1
  Use: Potion            |       |     7 |       ||     7
 Stab: Sleeping          |     1 |       |       ||     1
Armor: Leather armour    |    35 |    18 |       ||    53
Dodge: Dodged            |    95 |    54 |     7 ||   156
